Map: Kairos Junction LE

Players

battlingbard

  • Race: Protoss Protoss
  • League: Platinum
  • Spawn Location: 11:00

DarwinAwdWnr - Winner!

  • Race: Zerg Zerg
  • League: Platinum
  • Spawn Location: 5:00

VOD

Have the link to the VOD?

Description

Time

  • Played on: June 15, 2019, 12:43 a.m.
  • Length: 16:09
Show
View Real Time Build Order
Export as new Build Order

battlingbard Protoss 

Build Orders: Nexus First, Archon Immortal, Dark Templar Rush 

Get SALT Encoding   

  1  0:00  Probe  
  13  0:07  Probe  
  14  0:17  Probe  
  15  0:40  Pylon  
  15  0:52  Nexus  
  15  1:06  Forge  
  15  1:08  Probe  
  16  1:20  Probe  
  16  1:21  Gateway  
  17  1:29  Probe  
  17  1:35  Assimilator  
  18  1:43  Photon Cannon  
  18  1:47  Probe  
  18  1:51  Assimilator  
  19  2:11  Cybernetics Core  
  19  2:12  Probe  
  19  2:14  Probe  
  21  2:24  Probe  
  21  2:25  Probe  
  23  2:33  Pylon  
  23  2:36  Probe  
  24  2:40  Warp Gate  
  24  2:45  Pylon  
  24  2:49  Adept  
  26  3:04  Twilight Council  
  26  3:05  Gateway  
  26  3:06  Probe x2  
  28  3:18  Assimilator, Probe  
  29  3:27  Probe  
  29  3:28  Stalker  
  32  3:39  Robotics Facility  
  32  3:47  Pylon  
  32  3:48  Probe x2  
  34  3:55  Pylon  
  34  3:59  Dark Shrine  
  34  4:00  Probe x2  
  36  4:15  Gateway  
  36  4:17  Probe  
  36  4:20  Protoss Ground Weapons Level 1  
  37  4:24  Probe  
  37  4:28  Assimilator  
  37  4:29  Stalker, Probe  
  41  4:31  Observer  
  42  4:51  Probe x2  
  44  4:54  Gateway  
  44  4:55  Warp Prism  
  44  4:57  Photon Cannon  
  44  4:58  Adept  
  48  5:03  Probe  
  48  5:06  Adept  
  51  5:31  Dark Templar  
  51  5:32  Dark Templar x2  
  57  5:45  Immortal  
  57  5:47  Probe  
  62  5:54  Pylon  
  59  6:19  Adept, Dark Templar  
  59  6:20  Immortal, Adept  
  59  6:24  Archon  
  59  6:49  Robotics Facility  
  59  6:52  Immortal  
  59  6:54  Photon Cannon  
  63  7:05  Photon Cannon  
  63  7:10  Probe x2, Pylon  
  65  7:16  Zealot x2  
  65  7:17  Zealot  
  71  7:25  Observer  
  71  7:33  Forge  
  71  7:34  Charge  
  71  7:35  Dark Templar  
  74  7:42  Archon  
  74  7:51  Immortal, Nexus  
  74  7:53  Protoss Ground Weapons Level 2  
  74  7:54  Pylon  
  74  7:56  Immortal  
  82  8:08  Zealot x2  
  86  8:16  Pylon  
  86  8:24  Pylon  
  86  8:28  Pylon  
  86  8:36  Stalker x3  
  86  8:37  Stalker  
  94  8:54  Observer  
  95  8:59  Observer  
  91  9:03  Dark Templar  
  91  9:04  Dark Templar  
  91  9:09  Stargate  
  96  9:13  Pylon  
  96  9:18  Probe x3  
  96  9:23  Immortal, Pylon  
  96  9:24  Stargate  
  103  9:33  Immortal, Gateway  
  103  9:36  Photon Cannon  
  103  9:39  Pylon  
  107  9:53  Photon Cannon  
  107  9:58  Void Ray  
  107  10:01  Zealot x3  
  113  10:11  Void Ray  
  117  10:25  Stargate  
  121  10:52  Nexus  
  113  10:59  Void Ray x2  
  117  12:28  Photon Cannon  
  117  12:32  Pylon  
  103  13:06  Void Ray x2  
  111  13:14  Zealot  
  111  13:15  Zealot x2  
  111  13:17  Assimilator  
  117  13:20  Assimilator  
  117  13:22  Pylon  
  117  13:27  Void Ray  
  117  13:33  Photon Cannon  
  117  13:39  Pylon  
  121  13:42  Gateway  
  121  13:55  Protoss Air Weapons Level 1  
  73  14:25  Void Ray x2  
  73  14:26  Void Ray  
  85  14:36  Fleet Beacon  
  85  14:40  Zealot x2  
  85  14:41  Zealot x2  
  93  14:50  Probe  
  94  14:53  Probe  
  94  14:57  Immortal  
  99  15:08  Phoenix  
  99  15:12  Nexus  
  101  15:16  Archon, Zealot, Pylon  
  103  15:27  Phoenix  
Show
View Real Time Build Order
Export as new Build Order

DarwinAwdWnr Zerg - Winner!

Build Orders: Hatch First, Swarm Host 

Get SALT Encoding   

  12  0:01  Drone  
  13  0:13  Drone  
  14  0:21  Overlord  
  14  0:40  Drone x2  
  16  0:51  Hatchery  
  15  0:59  Drone x2  
  17  1:05  Extractor  
  16  1:11  Drone  
  17  1:19  Spawning Pool  
  17  1:21  Drone  
  17  1:34  Drone  
  17  1:38  Drone  
  19  1:49  Drone  
  20  1:56  Overlord  
  20  2:11  Metabolic Boost  
  20  2:12  Zergling x2  
  20  2:13  Zergling x2, Queen  
  24  2:25  Drone x3  
  27  2:36  Hatchery  
  26  2:45  Queen  
  26  2:47  Drone  
  29  2:52  Extractor  
  29  2:57  Lair  
  28  3:02  Drone  
  28  3:03  Drone  
  30  3:10  Drone  
  30  3:11  Drone x2  
  33  3:19  Drone x2  
  35  3:25  Overlord  
  35  3:40  Overlord  
  35  3:41  Overlord, Drone  
  35  3:45  Drone  
  35  3:46  Drone x2  
  39  4:00  Drone x2  
  39  4:01  Drone x3  
  44  4:05  Extractor  
  44  4:09  Infestation Pit  
  42  4:10  Overseer  
  42  4:17  Drone  
  42  4:18  Drone x2, Queen  
  42  4:22  Drone  
  49  4:24  Drone x2  
  49  4:25  Drone  
  51  4:33  Spore Crawler  
  51  4:36  Spine Crawler  
  49  4:38  Spore Crawler  
  49  4:40  Spine Crawler  
  49  4:42  Spore Crawler  
  46  4:47  Spine Crawler  
  46  4:48  Drone  
  46  4:49  Drone  
  47  5:14  Drone  
  47  5:15  Drone x2  
  49  5:21  Overlord x2  
  49  5:22  Overlord x2  
  49  5:40  Extractor  
  48  5:43  Overseer  
  48  5:45  Swarm Host x4  
  48  5:46  Swarm Host x6  
  73  6:43  Drone x6  
  73  6:44  Drone x4  
  82  6:50  Infestation Pit  
  81  7:01  Overlord x4  
  81  7:08  Pneumatized Carapace  
  81  7:22  Swarm Host  
  81  7:23  Swarm Host x8  
  108  7:30  Extractor x2  
  108  7:36  Nydus Network  
  105  7:40  Drone x4  
  105  7:41  Drone x5  
  114  8:05  Hatchery  
  113  8:06  Overlord x2  
  113  8:16  Nydus Canal  
  113  9:20  Drone  
  113  9:21  Overlord x2, Drone x12  
  113  9:22  Overlord x4  
  126  9:38  Overlord x2  
  126  9:52  Nydus Canal  
  126  10:33  Nydus Canal  
  126  10:37  Swarm Host x13  
  165  11:10  Nydus Canal  
  165  11:19  Hydralisk Den  
  158  11:53  Nydus Canal  
  146  11:57  Hydralisk  
  146  11:58  Hydralisk x22  
  146  12:00  Overlord x4  
  192  12:29  Swarm Host  
  195  12:30  Swarm Host  
  193  13:16  Extractor  
  193  13:18  Extractor  
  193  13:19  Drone  
  195  13:20  Drone x11, Spine Crawler x4  
  199  13:36  Spine Crawler x2  
  199  13:37  Spine Crawler  
  199  13:38  Spine Crawler  
  163  14:09  Overseer x4  
  159  14:16  Hydralisk  
  159  14:17  Hydralisk x11  
  181  14:33  Spore Crawler  
  181  14:38  Swarm Host x4  
  183  14:42  Hive  
  192  14:46  Evolution Chamber  
  192  14:47  Evolution Chamber  
  190  15:18  Hatchery  
Tags
 
Add a new tag
Caveats
  • Supply blocks, unpowered buildings, or Contaminate may cause inaccurate times.
  • Supply counts are checked every 10 seconds.